 Dungeon Crawl Stone Soup version 0.22.0-75-g3901e7991e (webtiles) character file.

40 JedernureinKreuz the Conjurer (level 3, -3/25 HPs)
             Began as a Gnoll Conjurer on Sept 11, 2018.
             Slain by a gnoll
             ... wielding a +0 whip of electrocution
              (19 damage)
             ... on level 2 of the Dungeon.
             The game lasted 00:02:55 (936 turns).

JedernureinKreuz the Conjurer (Gnoll Conjurer)       Turns: 936, Time: 00:02:56

Health: -3/25      AC:  3    Str: 10    XL:     3   Next: 50%
Magic:  0/9        EV: 14    Int: 18    God:
Gold:   75         SH:  0    Dex: 15    Spells: 11/12 levels left

rFire    . . .     SeeInvis .   h - +0 short sword
rCold    . . .     Gourm    .   (no shield)
rNeg     . . .     Faith    .   i - +0 leather armour
rPois    .         Spirit   .   (no helmet)
rElec    .         Reflect  .   (no cloak)
rCorr    .         Harm     .   (no gloves)
MR       .....                  (no boots)
Stlth    ++........             k - amulet of inaccuracy (curse)
HPRegen  0.08/turn              (no ring)
MPRegen  0.11/turn              (no ring)

@: no status effects
A: distributed training, fangs 1, strong nose
a: no special abilities


You were on level 2 of the Dungeon.
You were not hungry.

You visited 1 branch of the dungeon, and saw 2 of its levels.

You collected 75 gold pieces.

Inventory:

Hand Weapons
 h - a +0 short sword (weapon)
Missiles
 e - 33 stones (quivered)
 g - 4 curare-tipped needles
 l - 23 bolts
 n - 13 arrows
Armour
 a - a +0 robe
 i - a +0 leather armour (worn)
Jewellery
 k - a cursed amulet of inaccuracy (around neck)
Scrolls
 f - a scroll of magic mapping
 j - 3 scrolls of teleportation
Potions
 d - a potion of invisibility {unknown}
 m - a potion of haste {unknown}
 o - a potion of curing {unknown}
Comestibles
 b - 4 chunks of flesh
 c - 2 rations


   Skills:
 + Level 0.8 Fighting
 + Level 0.8 Short Blades
 + Level 0.8 Long Blades
 + Level 0.8 Axes
 + Level 0.8 Maces & Flails
 + Level 0.8 Polearms
 + Level 0.8 Staves
 + Level 0.8 Slings
 + Level 0.8 Bows
 + Level 0.8 Crossbows
 + Level 0.8 Throwing
 + Level 0.8 Armour
 + Level 4.5 Dodging
 + Level 4.1 Stealth
 + Level 0.8 Shields
 + Level 0.8 Unarmed Combat
 + Level 5.0 Spellcasting
 + Level 7.1 Conjurations
 + Level 0.5 Hexes
 + Level 0.5 Charms
 + Level 0.5 Summonings
 + Level 0.5 Necromancy
 + Level 0.5 Translocations
 + Level 0.5 Transmutations
 + Level 0.5 Fire Magic
 + Level 0.5 Ice Magic
 + Level 0.5 Air Magic
 + Level 0.5 Earth Magic
 + Level 0.5 Poison Magic
 + Level 1.0 Invocations
 + Level 0.8 Evocations


You had 11 spell levels left.
You knew the following spells:

 Your Spells              Type           Power        Failure   Level  Hunger
a - Magic Dart            Conj           ####         1%          1    None

Your spell library contained the following spells:

 Spells                   Type           Power        Failure   Level  Hunger
 Searing Ray              Conj           ####..       1%          2    #......
 Iskenderun's Mystic Bla  Conj           ####....     10%         4    ####...
 Dazzling Spray           Conj/Hex       ###...       11%         3    ##.....
 Force Lance              Conj/Tloc      ###.....     36%         4    ####...
 Fulminant Prism          Conj/Hex       ###.......   36%         4    ####...


Dungeon Overview and Level Annotations

Branches:
Dungeon (2/15)

Altars:


Innate Abilities, Weirdness & Mutations

Your experience applies equally to all skills.
You have very sharp teeth.
Your uncanny sense of smell can sniff out nearby items.


Message History

The gnoll is severely wounded.
Casting: Magic Dart (safe; 1% risk of failure)
Confirm with . or Enter, or press ? or * to list all spells.
Aiming: Magic Dart (safe; 1% risk of failure)
Press: ? - help, Shift-Dir - straight line, f/p - gnoll
Aim: a gnoll, wielding a whip of electrocution (severely wounded)
The magic dart hits the gnoll.
The gnoll is severely wounded.
Casting: Magic Dart (safe; 1% risk of failure)
Confirm with . or Enter, or press ? or * to list all spells.
You don't have enough magic to cast that spell.
Unknown command.
A kobold comes into view. It is wielding a short sword.
The gnoll misses you.
You barely miss the gnoll.
The gnoll is severely wounded.
The gnoll hits you with a whip of electrocution.
You are electrocuted!
Ouch! That really hurt!
You die...

#........+
##.....###.........#
#.....###....K....#
#.....##.......)..#
#.....##..........#
#.....##..........#
##.....##.........##
#......).....ggg...#
+.............@....#
#.............(....#
.##..................#
........#####+#......#
........#####.#†.....##+####
................#+###......#
........#####.#.# #......#
........+.....#'##+##......#
........####...............#


You could see 2 gnolls, a goblin and a kobold (wandering).

Vanquished Creatures
  A gnoll (D:2)
  An adder (D:2)
  A dart slug (D:1)
  2 goblins
  2 hobgoblins (D:2)
  A quokka (D:2)
  A ball python (D:2)
  2 bats
  3 frilled lizards
  4 kobolds
  3 rats
21 creatures vanquished.

Notes
Turn   | Place    | Note
-------+----------+-------------------------------------------
     0 | D:1      | JedernureinKreuz the Gnoll Conjurer began the quest for the
                  | Orb.
     0 | D:1      | Reached XP level 1. HP: 13/13 MP: 6/6
   368 | D:1      | Reached XP level 2. HP: 19/19 MP: 5/7
   876 | D:2      | Reached skill level 5 in Spellcasting
   876 | D:2      | Reached XP level 3. HP: 24/25 MP: 3/9
   927 | D:2      | Reached skill level 1 in Invocations
   936 | D:2      | Slain by a gnoll

Skill      XL: |  1  2  3 |
---------------+----------+-----
Spellcasting   | 5 |  5.0
Invocations    | 1 |  1.0
Fighting       | |  0.8
Short Blades   | |  0.8
Long Blades    | |  0.8
Axes           | |  0.8
Maces & Flails | |  0.8
Polearms       | |  0.8
Staves         | |  0.8
Slings         | |  0.8
Bows           | |  0.8
Crossbows      | |  0.8
Throwing       | |  0.8
Armour         | |  0.8
Dodging        | |  4.5
Stealth        | |  4.1
Shields        | |  0.8
Unarmed Combat | |  0.8
Conjurations   | |  7.1
Hexes          | |  0.5
Charms         | |  0.5
Summonings     | |  0.5
Necromancy     | |  0.5
Translocations | |  0.5
Transmutations | |  0.5
Fire Magic     | |  0.5
Ice Magic      | |  0.5
Air Magic      | |  0.5
Earth Magic    | |  0.5
Poison Magic   | |  0.5
Evocations     | |  0.8

Action                   || total
-------------------------++-------
Melee: Short sword       ||     7
       Bite              ||     1
 Cast: Magic Dart        ||    40
  Use: Scroll            ||     3
Armor: Robe              ||     1
Dodge: Dodged            ||     9
